 Dungeon Crawl Stone Soup version 0.20.1-1-g8b1a95d (webtiles) character file.

267939 Monsterracer the Champion of Chaos (level 19, -6/188 HPs)
             Began as a Deep Dwarf Monk on July 3, 2017.
             Was the Champion of Makhleb.
             Shot with a bolt by a yaktaur (14 damage)
             ... on level 2 of the Vaults.
             The game lasted 01:52:50 (31114 turns).

Monsterracer the Champion of Chaos (DDMo)          Turns: 31114, Time: 01:52:50

Health: -6/188     AC: 30    Str: 17    XL:     19   Next: 36%
Magic:  25/25      EV: 18    Int: 11    God:    Makhleb [******]
Gold:   3701       SH: 14    Dex: 23    Spells: 15/18 levels left

rFire    + . .     SeeInvis +   a - +8 war axe of Exoneration {chop, +Fly}
rCold    + . .     Gourm    .   n - +0 shield
rNeg     + . .     Faith    .   y - +2 chain mail {rC+}
rPois    +         Spirit   .   M - +2 helmet {SInv}
rElec    .         Reflect  .   v - +2 cloak {rPois}
rCorr    .         Harm     .   I - +2 pair of gloves
MR       +++..     Rnd*Rage +   D - +2 pair of boots
Stlth    ..........             (no amulet)
Regen    0.0/turn               x - ring of protection from fire
MPRegen  0.2/turn               K - ring of protection from magic

@: non-regenerating, studying Armour
A: damage resistance, heal wounds, thin skeletal structure 1, berserk 1,
negative energy resistance 1, sense surroundings 3, no regeneration
}: 2/15 runes: barnacled, gossamer
a: Heal Wounds, Minor Destruction, Lesser Servant of Makhleb, Major Destruction,
Greater Servant of Makhleb, Renounce Religion, Evoke Flight


You were on level 2 of the Vaults.
You worshipped Makhleb.
Makhleb was exalted by your worship.
You were not hungry.

You visited 7 branches of the dungeon, and saw 34 of its levels.
You also visited: Sewer and Bailey.

You collected 4393 gold pieces.
You spent 692 gold pieces at shops.

Inventory:

Hand Weapons
 a - the +8 war axe of Exoneration (weapon) {chop, +Fly}
   (You found it on level 6 of the Dungeon)

   It inflicts extra damage upon your enemies.
   It lets you fly.
 b - the +7 mace "Secret Weapon" {vamp, Str+4 Dex+4}
   (You found it on level 1 of the Lair of Beasts)

   It inflicts no extra harm, but heals its wielder when it wounds a living foe.
   It affects your strength (+4).
   It affects your dexterity (+4).
 S - the +8 war axe "Takumuqo" {antimagic, rN+ Dex+4 Stlth+}
   (You bought it in a shop on level 2 of the Orcish Mines)

   It reduces the magical energy of the wielder, and disrupts the spells and
   magical abilities of those hit.
   Natural abilities and divine invocations are not affected.
   It affects your dexterity (+4).
   It protects you from negative energy.
   It makes you more stealthy.
Armour
 n - a +0 shield (worn)
 v - a +2 cloak of poison resistance (worn)
 y - a +2 chain mail of cold resistance (worn)
 D - a +2 pair of boots (worn)
 I - a +2 pair of gloves (worn)
 M - a +2 helmet of see invisible (worn)
Jewellery
 x - a ring of protection from fire (left hand)
 K - a ring of protection from magic (right hand)
 O - an uncursed ring of poison resistance
 R - an uncursed ring of protection from cold
Wands
 k - a wand of iceblast (11/15)
 r - a wand of digging (12/24)
 w - a wand of digging (13/24)
 C - a wand of acid (5/15)
 G - a wand of scattershot (4/9)
 H - a wand of digging (10/24)
 J - a wand of clouds (4/9)
Scrolls
 d - 15 scrolls of teleportation
 e - 3 scrolls of magic mapping
 f - 3 scrolls of recharging
 g - 22 scrolls of identify
 h - 2 scrolls of fear
 z - a scroll of immolation
 A - 12 scrolls of remove curse
 F - 6 scrolls of blinking
 N - 5 scrolls of fog
 P - 7 scrolls of enchant weapon
Potions
 i - 3 potions of magic
 j - 2 potions of invisibility
 m - 12 potions of curing
 o - 4 potions of might
 q - 5 potions of flight
 t - 2 potions of agility
 u - 2 potions of mutation
 B - 7 potions of haste
 L - 9 potions of heal wounds
 T - 2 potions of berserk rage
 U - a potion of cancellation
 V - 4 potions of resistance
Books
 Q - a manual of Armour
Comestibles
 c - 21 bread rations
 l - 26 fruits
 p - 5 chunks of flesh
 s - 9 royal jellies
 E - 16 meat rations


   Skills:
 * Level 16.0 Fighting
 - Level 16.1 Axes
 + Level 16.0 Armour
 + Level 15.4 Dodging
 - Level 2.4 Stealth
 + Level 13.8 Shields
 + Level 17.3 Invocations


You had 15 spell levels left.
You knew the following spells:

 Your Spells              Type           Power        Failure   Level  Hunger
a - Swiftness             Chrm/Air       #.......     99%         2    ###....
b - Apportation           Tloc           #.....       95%         1    ##.....


Dungeon Overview and Level Annotations

Branches:
Dungeon (15/15)            Temple (1/1) D:4            Lair (6/6) D:9
 Shoals (4/4) Lair:3       Spider (4/4) Lair:3        Slime (0/5) Lair:6
    Orc (2/2) D:10            Elf (0/3) Orc:2        Vaults (2/5) D:14
 Depths (0/5) D:15
  Crypt: Vaults:2-3

Altars:
Ashenzari
Cheibriados
Dithmenos
Elyvilon
Fedhas
Gozag
Hepliaklqana
Kikubaaqudgha
Makhleb
Nemelex Xobeh
Okawaru
Qazlal
Ru
Sif Muna
Trog
Uskayaw
Vehumet
Xom
Yredelemnul
Zin
The Shining One
Beogh
Jiyva

Shops:
D:8 *(   D:12 ?   Orc:2 ([*=   Shoals:3 (   Vaults:2 [

Annotations:
Lair:3 1 exclusion


Innate Abilities, Weirdness & Mutations

You are resistant to damage.
You can heal yourself by infusing magical energy.
You resist negative energy. (rN+)
You passively map a large area around you.
You do not regenerate.
You have a somewhat thin skeletal structure. (Dex +2, Stealth)
You tend to lose your temper in combat.


Message History

Huge Dmg: -23%(-44hp) hp: 5%(8hp)
Your magical essence is drained by the effort!
You feel much better.
The boggart hits you but does no damage.
You block the vault warden's attack.
The boggart mumbles some strange words.
The boggart flickers and vanishes for a moment.
The ogre mage completely misses you.
A demon appears!
The vault warden no longer looks unusually strong.
The ironbrand convoker completely misses you.
The orc knight unwields an uncursed arbalest.
The orc knight wields an uncursed war axe of freezing.
It glows with a cold blue light!
The orc knight hits you with an uncursed war axe of freezing!
* * * LOW HITPOINT WARNING * * *
The orc knight freezes you. The boggart closely misses you.
You block the vault warden's attack. You block the ogre mage's attack.
The yaktaur wields an arbalest.
The yaktaur shoots a bolt.
The bolt hits you!!
You die...

,,... #.. , ,,, ,..#***
....*.. ,, ...# , ,
....##'#######...# ,
......(...(...o..# ,
........O(.......#
#...........[(.)......#
* *
,+..........).(()o.....#
...........((p(c.(...#
,.........).Op@(.....+ ,
, ,..8.........goOc....#
, , ,
##.##########Cc2....#
#...........+.).....# ,
, #.∩.........#.......#
,, * ,
#.....(.....#.......# *
* #...........#.......#
,#.8.....<...#.......# ,
#...........#.......# *


You could see a stone giant, a vault warden, an orc knight, a two-headed ogre,
an ogre mage, an ironbrand convoker, 3 yaktaurs, an orc warrior, an ogre, a
boggart (invisible), an orc and a friendly blizzard demon.

Vanquished Creatures
  Arachne (Spider:4)
  The ghost of murphy the Severer, an adept DDFi of Makhleb (Spider:1)
  A frost giant (Shoals:4)
  A ghost moth (Spider:4)
  9 emperor scorpions
  An orc warlord (Orc:2)
  4 ironheart preservers
  3 spark wasps
  A crystal guardian (D:14)
  9 merfolk impalers
  5 merfolk javelineers
  Erolcha (Orc:2)
  11 hydras
  3 ice dragons
  A yaktaur captain (D:14)
  7 ogre magi
  3 merfolk avatars
  4 centaur warriors
  8 death scarabs (Spider:4)
  24 two-headed ogres
  5 merfolk aquamancers (Shoals:4)
  3 tengu warriors
  A satyr (Shoals:3)
  2 orc high priests (Orc:2)
  Sonja (Lair:3)
  The ghost of VajrapaniSR the Cleaver, a novice MiBe of Trog (Bailey)
  11 skeletal warriors
  3 unseen horrors
  4 sea snakes
  2 ironbrand convokers
  4 spectral wolf spiders (Spider:4)
  2 wizards
  8 orc knights
  A wolf spider zombie (Spider:4)
  20 harpies
  45 wolf spiders
  Pikel (D:6)
  22 ugly things
  16 cyclopes
  24 orb spiders
  3 orc sorcerers (Orc:2)
  12 manticores
  19 fauns
  2 deep elf magi (D:11)
  2 moths of wrath (Spider:4)
  11 merfolk sirens
  Joseph (D:9)
  3 black mambas
  Psyche (D:9)
  4 water nymphs
  14 spiny frogs
  A rime drake (Lair:6)
  The ghost of polve the Chopper, a novice DsFi (D:5)
  A gargoyle (D:11)
  4 vault sentinels
  8 komodo dragons
  2 spectral redbacks (Spider:4)
  A redback zombie (Spider:4)
  5 yaktaurs
  A kobold demonologist (D:15)
  22 demonic crawlers
  36 jumping spiders
  26 merfolk
  4 tyrant leeches (Spider:2)
  6 wind drakes
  3 meliai (D:13)
  4 hornets
  8 trolls
  2 spectral jumping spiders (Spider:4)
  10 polar bears
  4 raiju (Lair:6)
  13 blink frogs
  3 jumping spider zombies (Spider:4)
  2 tarantella zombies (Spider:4)
  A hippogriff (shapeshifter) (D:15)
  13 snapping turtles
  10 hippogriffs
  20 slime creatures
  6 spectral tarantellas (Spider:4)
  2 water elementals
  2 shadows (D:11)
  A wraith (D:15)
  5 wyverns
  84 redbacks
  47 tarantellas
  A centaur simulacrum (D:14)
  A human (D:9)
  Grum (D:11)
  56 yaks
  4 hogs (D:9)
  A human simulacrum (Vaults:1)
  A vampire mosquito (D:13)
  6 basilisks
  5 hungry ghosts
  A warg (shapeshifter) (Vaults:1)
  The ghost of KleinerIrrer the Covert, an amateur OpAs (D:4)
  7 wargs
  12 water moccasins
  2 acid dragons
  13 hell hounds (Lair:6)
  5 porcupines
  A hornet zombie (Spider:4)
  45 orc warriors
  2 spectral hornets (Spider:4)
  A black bear (shapeshifter) (Vaults:1)
  11 black bears (Lair:6)
  6 sky beasts
  3 ice beasts
  7 necrophages
  2 phantoms (D:4)
  An eye of draining (D:13)
  35 wolves
  10 ogres
  4 centaurs
  A boggart (Vaults:2)
  11 crocodiles
  3 big kobolds
  A wyvern zombie (D:12)
  17 bullfrogs
  3 gnoll sergeants
  4 earth elementals (Spider:2)
  A water moccasin zombie (D:5)
  38 scorpions
  11 killer bees
  9 wights
  10 howler monkeys
  An electric eel (Lair:3)
  6 crimson imps
  3 bullfrog zombies
  6 hounds
  4 jellies
  6 centaur zombies
  Crazy Yiuf (D:5)
  5 centaur skeletons
  A gnoll shaman (D:9)
  22 orc priests
  3 bullfrog skeletons
  37 orc wizards
  Natasha (thrice) (D:3)
  8 iguanas
  2 worker ants
  2 hound skeletons
  A howler monkey zombie (D:6)
  15 gnolls
  14 adders
  A river rat (D:4)
  A hound simulacrum (D:11)
  4 oozes
  An adder zombie (D:5)
  10 worms
  4 dart slugs
  6 leopard geckos
  91 orcs
  11 bats
  10 giant cockroaches
  10 goblins
  6 hobgoblins
  7 jackals
  8 quokkas
  6 ball pythons
  4 frilled lizards (D:2)
  39 kobolds
  A leopard gecko skeleton (D:8)
  A quokka zombie (D:9)
  9 rats
  9 fungi
  11 plants
1448 creatures vanquished.

Vanquished Creatures (collateral kills)
  Ilsuiw (Shoals:3)
  A stone giant (Vaults:2)
  Snorg (D:10)
  A merfolk impaler (Shoals:4)
  A hydra (Lair:1)
  A two-headed ogre (D:9)
  A deep troll shaman (Vaults:2)
  A deep troll earth mage (Vaults:2)
  2 orc high priests (Orc:2)
  2 deep trolls (Vaults:2)
  2 harpies (Shoals:4)
  A manticore (Shoals:4)
  A water nymph (Shoals:4)
  A centaur skeleton (D:9)
  A wraith (D:10)
  A warg (Vaults:2)
  2 orc warriors (Orc:2)
  4 orc wizards
  3 orcs (Orc:2)
28 creatures vanquished.

Vanquished Creatures (others)
  A merfolk aquamancer (Shoals:4)
  An ironbrand convoker (Vaults:2)
  A water nymph (Shoals:4)
  A jumping spider (Spider:1)
  A redback (Spider:4)
  2 water elementals (Shoals:4)
  A fungus (Lair:3)
  5 plants
13 creatures vanquished.

Grand Total: 1489 creatures vanquished

Notes
Turn   | Place    | Note
-------+----------+-------------------------------------------
     0 | D:1      | Monsterracer the Deep Dwarf Monk began the quest for the Orb.
     0 | D:1      | Reached XP level 1. HP: 20/20 MP: 1/1
   170 | D:1      | Reached XP level 2. HP: 22/27 MP: 2/2
   703 | D:2      | Found a stormy altar of Qazlal.
   737 | D:2      | Reached XP level 3. HP: 7/33 MP: 3/3
   815 | D:2      | Reached skill level 5 in Axes
  1157 | D:2      | Reached XP level 4. HP: 28/40 MP: 4/4
  1695 | D:3      | Noticed Natasha
  1721 | D:3      | Killed Natasha
  1824 | D:3      | Noticed Natasha
  1836 | D:3      | Killed Natasha
  1836 | D:3      | Reached XP level 5. HP: 45/46 MP: 4/4
  1888 | D:3      | Noticed Natasha
  1898 | D:3      | Killed Natasha
  2164 | D:4      | Noticed a phantom
  2175 | D:4      | Noticed a phantom
  2182 | D:4      | Noticed KleinerIrrer's ghost (amateur OpAs)
  2193 | D:4      | Killed KleinerIrrer's ghost
  2193 | D:4      | Reached skill level 1 in Armour
  2193 | D:4      | Reached XP level 6. HP: 42/56 MP: 5/5
  2267 | D:4      | Reached XP level 7. HP: 33/62 MP: 6/6
  2269 | D:4      | Found a staircase to the Ecumenical Temple.
  2278 | Temple   | Entered the Ecumenical Temple
  2467 | D:4      | Found a glowing drain.
  2471 | Sewer    | Entered a sewer
  3063 | D:4      | Found a hazy altar of Hepliaklqana.
  3064 | D:4      | Found a shimmering altar of Xom.
  3065 | D:4      | Noticed a spectral ugly thing
  3294 | D:4      | Found a stormy altar of Qazlal.
  3552 | D:5      | Entered Level 5 of the Dungeon
  3591 | D:5      | Reached skill level 5 in Dodging
  3664 | D:5      | Found a runed door.
  3669 | D:5      | Noticed Crazy Yiuf
  3680 | D:5      | Killed Crazy Yiuf
  3729 | D:5      | Reached XP level 8. HP: 29/72 MP: 7/7
  3913 | D:5      | Noticed polve's ghost (novice DsFi)
  3940 | D:5      | Killed polve's ghost
  4743 | D:6      | Got a twisted war axe
  4744 | D:6      | Identified the +8 war axe of Exoneration {chop, +Fly} (You found it on level 6 of the Dungeon)
  5008 | D:6      | Noticed Pikel
  5009 | D:6      | Found a bloodstained altar of Trog.
  5009 | D:6      | Found a basalt altar of Yredelemnul.
  5016 | D:6      | Killed Pikel
  5016 | D:6      | Reached skill level 5 in Fighting
  5016 | D:6      | Reached skill level 10 in Axes
  5016 | D:6      | Reached skill level 5 in Armour
  5016 | D:6      | Gained mutation: You passively map the area around you. [Deep Dwarf growth]
  5016 | D:6      | Reached XP level 9. HP: 43/81 MP: 7/7
  5023 | D:6      | Found an ancient bone altar of Kikubaaqudgha.
  5025 | D:6      | Found a burning altar of Makhleb.
  5027 | D:6      | Found a snail-covered altar of Cheibriados.
  5028 | D:6      | Found a shadowy altar of Dithmenos.
  5031 | D:6      | Became a worshipper of Makhleb the Destroyer
  5031 | D:6      | Reached * piety under Makhleb
  5031 | D:6      | Reached ** piety under Makhleb
  5035 | D:6      | Found a blossoming altar of Fedhas.
  5037 | D:6      | Found a white marble altar of Elyvilon.
  5039 | D:6      | Found a shattered altar of Ashenzari.
  5319 | D:7      | Found a shattered altar of Ashenzari.
  5327 | D:7      | Reached skill level 1 in Invocations
  5689 | D:7      | Reached skill level 2 in Invocations
  5771 | D:7      | Reached skill level 3 in Invocations
  6221 | D:8      | Found Musen's Antique Weapon Shoppe.
  6538 | D:8      | Reached skill level 4 in Invocations
  6644 | D:8      | Reached XP level 10. HP: 83/91 MP: 11/11
  6808 | D:8      | Found Noyngyzu's General Store.
  7093 | D:9      | Reached *** piety under Makhleb
  7356 | D:9      | Reached skill level 5 in Invocations
  7398 | D:9      | Reached skill level 1 in Shields
  7404 | D:9      | Noticed a two-headed ogre
  7412 | D:9      | Killed a two-headed ogre
  7441 | D:9      | Noticed Joseph
  7451 | D:9      | Killed Joseph
  7466 | D:9      | Found a staircase to the Lair.
  7656 | D:9      | Noticed Psyche
  7662 | D:9      | Killed Psyche
  7672 | D:9      | Learned a level 2 spell: Swiftness
  7864 | D:9      | Reached skill level 6 in Invocations
  7924 | D:10     | Entered Level 10 of the Dungeon
  7933 | D:10     | Noticed a two-headed ogre
  7941 | D:10     | Killed a two-headed ogre
  7941 | D:10     | Reached XP level 11. HP: 93/99 MP: 13/13
  8060 | D:10     | Found a staircase to the Orcish Mines.
  8066 | D:10     | Reached **** piety under Makhleb
  8119 | D:10     | Identified a scroll of acquirement
  8146 | D:10     | Noticed Snorg
  8153 | D:10     | Killed Snorg
  8412 | Lair:1   | Entered Level 1 of the Lair of Beasts
  8472 | Lair:1   | Noticed an eight-headed hydra
  8819 | Lair:1   | Killed an eight-headed hydra
  9053 | Lair:1   | Reached skill level 7 in Invocations
  9269 | Lair:1   | Got a translucent mace
  9270 | Lair:1   | Identified the +7 mace "Secret Weapon" {vamp, Str+4 Dex+4} (You found it on level 1 of the Lair of Beasts)
  9305 | Lair:1   | Noticed a seven-headed hydra
  9339 | Lair:1   | Killed a 12-headed hydra
  9836 | Lair:2   | Noticed a seven-headed hydra
  9855 | Lair:2   | Killed a seven-headed hydra
 10075 | Lair:2   | Reached skill level 5 in Shields
 10113 | Lair:2   | Noticed a five-headed hydra
 10127 | Lair:2   | Killed a five-headed hydra
 10127 | Lair:2   | Reached skill level 8 in Invocations
 10127 | Lair:2   | Reached XP level 12. HP: 91/110 MP: 14/16
 10246 | Lair:2   | Found an ancient bone altar of Kikubaaqudgha.
 10433 | Lair:3   | Noticed Sonja
 10446 | Lair:3   | Killed Sonja
 10678 | Lair:3   | Found a hole to the Spider Nest.
 10766 | Lair:3   | Reached ***** piety under Makhleb
 10766 | Lair:3   | Reached skill level 10 in Dodging
 10769 | Lair:3   | Reached skill level 9 in Invocations
 10994 | Lair:3   | Found a staircase to the Shoals.
 11523 | Lair:4   | Noticed a seven-headed hydra
 11544 | Lair:4   | Killed a seven-headed hydra
 11715 | Lair:4   | Reached XP level 13. HP: 103/120 MP: 18/18
 13118 | Lair:6   | Entered Level 6 of the Lair of Beasts
 13281 | D:8      | Bought a jewelled hand axe for 168 gold pieces
 13281 | D:8      | Bought a smoking hand axe for 168 gold pieces
 13281 | D:8      | Identified the +6 hand axe of Defiance {speed, Int+4} (You bought it in a shop on level 8 of the Dungeon)
 13288 | D:8      | Identified the +1 hand axe of a Thousand Lovers {chop, rN+} (You bought it in a shop on level 8 of the Dungeon)
 13829 | Lair:6   | Reached skill level 10 in Armour
 13829 | Lair:6   | Reached skill level 10 in Invocations
 14298 | Lair:6   | Found a viscous altar of Jiyva.
 14298 | Lair:6   | Found a staircase to the Slime Pits.
 14406 | Lair:6   | Reached ****** piety under Makhleb
 14615 | Lair:6   | Reached skill level 15 in Axes
 14729 | Lair:6   | Gained mutation: You resist negative energy. (rN+) [Deep Dwarf growth]
 14729 | Lair:6   | Reached XP level 14. HP: 126/130 MP: 20/20
 14929 | Orc:1    | Entered Level 1 of the Orcish Mines
 15290 | Orc:2    | Entered Level 2 of the Orcish Mines
 15323 | Orc:2    | Noticed Erolcha
 15350 | Orc:2    | Killed Erolcha
 15434 | Orc:2    | Found a roughly hewn altar of Beogh.
 15621 | Orc:2    | Noticed an orc warlord
 15634 | Orc:2    | Reached skill level 11 in Invocations
 15645 | Orc:2    | Found Yhadesh's Antique Armour Shoppe.
 15645 | Orc:2    | Found Boreres's Antique Weapon Emporium.
 15662 | Orc:2    | Found Ohifeax's General Store.
 15662 | Orc:2    | Found Udiseobb's Jewellery Shoppe.
 15681 | Orc:2    | Reached skill level 10 in Fighting
 15686 | Orc:2    | HP: 1/132 [orc priest/divine providence (12)]
 15840 | Orc:2    | Killed an orc warlord
 15908 | Orc:2    | Bought a transparent war axe for 221 gold pieces
 15908 | Orc:2    | Identified the +8 war axe "Takumuqo" {antimagic, rN+ Dex+4 Stlth+} (You bought it in a shop on level 2 of the Orcish Mines)
 15999 | Orc:2    | Found a staircase to the Elven Halls.
 16654 | D:11     | Found a flagged portal.
 16668 | Bailey   | Entered a bailey
 16709 | Bailey   | Noticed VajrapaniSR's ghost (novice MiBe)
 16731 | Bailey   | Killed VajrapaniSR's ghost
 16848 | Bailey   | Identified the +7 glaive of the Genius {antimagic, rF+ MR+ Int+3} (You found it in a bailey)
 17498 | D:11     | Noticed Grum
 17525 | D:11     | Killed Grum
 17627 | D:11     | Reached skill level 12 in Invocations
 17637 | D:11     | Reached XP level 15. HP: 120/140 MP: 21/21
 17652 | D:11     | Found a runed door.
 18140 | D:12     | Found Guqihara's Magic Scroll Boutique.
 18158 | D:12     | Bought a scroll of enchant armour for 135 gold pieces
 19095 | D:13     | Found a labyrinth entrance.
 19751 | D:13     | Reached skill level 10 in Shields
 19986 | D:14     | Found a gate to the Vaults.
 20650 | D:14     | Reached skill level 13 in Invocations
 20991 | D:15     | Entered Level 15 of the Dungeon
 21562 | D:15     | Reached XP level 16. HP: 152/152 MP: 22/22
 21650 | D:15     | Found a staircase to the Depths.
 21908 | Spider:1 | Entered Level 1 of the Spider Nest
 21921 | Spider:1 | Noticed murphy's ghost (adept DDFi)
 21952 | Spider:1 | Killed murphy's ghost
 22053 | Spider:1 | You fall through a shaft!
 22883 | Spider:2 | Reached skill level 14 in Invocations
 23972 | Spider:3 | Reached XP level 17. HP: 164/164 MP: 24/24
 24589 | Spider:4 | Entered Level 4 of the Spider Nest
 24737 | Spider:4 | Reached skill level 15 in Invocations
 25019 | Spider:4 | Noticed Arachne
 25064 | Spider:4 | Killed Arachne
 25637 | Spider:4 | Gained mutation: You tend to lose your temper in combat. [potion of mutation]
 25637 | Spider:4 | Gained mutation: You have a somewhat thin skeletal structure. (Dex +2, Stealth) [potion of mutation]
 25760 | Spider:4 | Got a gossamer rune of Zot
 26059 | Shoals:1 | Entered Level 1 of the Shoals
 26208 | Shoals:1 | Got a faintly glowing silver ring
 26209 | Shoals:1 | Identified the ring "Ustarghe" {rPois MP+9 Int+3 Slay-4} (You found it on level 1 of the Shoals)
 26317 | Shoals:1 | Found a runed door.
 26339 | Shoals:1 | Gained mutation: You passively map a large area around you. [Deep Dwarf growth]
 26339 | Shoals:1 | Reached XP level 18. HP: 158/176 MP: 26/26
 26464 | Shoals:1 | Identified the Almanac of Mutagenic Snow
 27203 | Shoals:2 | Reached skill level 16 in Invocations
 27472 | Shoals:3 | Found Echiuje's Weapon Shoppe.
 27662 | Shoals:3 | Reached skill level 15 in Fighting
 28197 | Shoals:4 | Entered Level 4 of the Shoals
 28644 | Shoals:4 | Reached skill level 15 in Armour
 28688 | Shoals:4 | Got a barnacled rune of Zot
 28718 | Shoals:4 | Identified the Guide on Enthralling Slavery
 29069 | Shoals:4 | Learned a level 1 spell: Apportation
 29092 | Shoals:4 | Noticed Ilsuiw
 29304 | Shoals:3 | Killed Ilsuiw
 29317 | Shoals:4 | HP: 7/178 [merfolk aquamancer/torrent of water (25)]
 29348 | Shoals:4 | Reached skill level 15 in Dodging
 29763 | Vaults:1 | Entered Level 1 of the Vaults
 29909 | Vaults:1 | Reached XP level 19. HP: 171/188 MP: 26/26
 29974 | Vaults:1 | Reached skill level 17 in Invocations
 31032 | Vaults:2 | Found Difrargh's Armour Boutique.
 31112 | Vaults:2 | HP: 8/188 [stone giant/large rock (22)]
 31114 | Vaults:2 | Shot with a bolt by a yaktaur

Skill      XL: |  1  2  3  4  5  6  7  8  9 10 11 12 13 14 15 16 17 18 19 |
---------------+----------------------------------------------------------+-----
Axes           | 4 5 6 7 8 10 12 13 14 15 16 | 16.1
Fighting       | 3 4 5 6 7 8 9 10 12 13 14 15 16 | 16.0
Armour         | 1 2 3 5 6 7 8 9 10 11 12 13 14 15 16 | 16.0
Dodging        | 4 5 6 7 8 9 10 11 12 13 14 15 | 15.4
Invocations    | 4 6 8 9 10 12 13 14 15 16 17 | 17.3
Shields        | 3 5 6 8 9 10 11 12 13 | 13.8
Stealth        | |  2.4

Action                   |  1- 3 |  4- 6 |  7- 9 | 10-12 | 13-15 | 16-18 | 19-21 || total
-------------------------+-------+-------+-------+-------+-------+-------+-------++-------
Melee: Hand axe          |   143 |   166 |   144 |       |       |       |       ||   453
       War axe           |       |       |   324 |   538 |  1570 |  2224 |   212 ||  4868
       Mace              |       |       |       |    52 |   110 |       |       ||   162
       Whip              |       |       |       |     7 |       |       |       ||     7
Invok: Lesser Servant of |       |       |       |     7 |       |       |       ||     7
       Minor Destruction |       |       |       |     4 |       |     1 |     2 ||     7
       Major Destruction |       |       |       |     4 |     1 |       |       ||     5
       Greater Servant o |       |       |       |       |     1 |     3 |     2 ||     6
 Abil: Heal Wounds       |     2 |     3 |     8 |     1 |     5 |     5 |     3 ||    27
       Evoke Flight      |       |       |     1 |       |     1 |    14 |       ||    16
Evoke: Wand              |       |       |    11 |       |     1 |       |       ||    12
  Use: Potion            |     1 |     8 |     6 |     3 |     2 |     8 |       ||    28
       Scroll            |       |     8 |    10 |     6 |    12 |     6 |     1 ||    43
 Stab: Sleeping          |     6 |       |     4 |     1 |       |       |       ||    11
       Confused          |       |       |     4 |       |       |     2 |       ||     6
       Distracted        |       |       |     1 |     3 |     1 |     2 |       ||     7
       Fleeing           |       |       |       |       |       |       |     1 ||     1
  Eat: Chunk             |     1 |     4 |    10 |    16 |    30 |    32 |     4 ||    97
       Meat ration       |       |       |     1 |     1 |     4 |       |       ||     6
       Fruit             |       |       |       |     6 |     3 |     1 |       ||    10
       Royal jelly       |       |       |       |     2 |     2 |       |       ||     4
       Bread ration      |       |       |       |       |     3 |       |       ||     3
Armor: Robe              |    19 |       |       |       |       |       |       ||    19
       Ring mail         |    13 |    43 |   136 |       |       |       |       ||   192
       Scale mail        |       |       |    20 |    64 |       |       |       ||    84
       Chain mail        |       |       |       |   223 |   656 |  1289 |    65 ||  2233
       Skin              |       |       |       |    60 |       |       |       ||    60
Dodge: Dodged            |    73 |   104 |   257 |   309 |   730 |  1614 |   131 ||  3218
Block: Shield            |       |       |       |   261 |   927 |  1687 |   160 ||  3035
